 Dungeon Crawl Stone Soup version 0.28.0-53-g5a82cb258f (webtiles) character file.

Game seed: 5227246183670259660

343 Ashen the Chiller (level 6, -4/61 HPs)
             Began as an Ogre Ice Elementalist on June 20, 2022.
             Slain by a wyvern zombie (10 damage)
             ... on level 5 of the Dungeon.
             The game lasted 00:09:30 (5072 turns).

Ashen the Chiller (Ogre Ice Elementalist)           Turns: 5072, Time: 00:09:33

Health: -4/61      AC: 10    Str: 13    XL:     6   Next: 57%
Magic:  8/11       EV: 10    Int: 18    God:
Gold:   171        SH:  0    Dex:  9    Spells: 5/12 levels left

rFire   . . .      SeeInvis .   r - +0 morningstar
rCold   . . .      Faith    .   (no shield)
rNeg    . . .      Spirit   .   a - +1 robe
rPois   +          Reflect  .   (helmet restricted)
rElec   .          Harm     .   (no cloak)
rCorr   .          Rampage  .   (gloves unavailable)
Will    .....                   (boots unavailable)
Stlth   ++........              (no amulet)
HPRegen 0.20/turn               i - ring of poison resistance
MPRegen 0.12/turn               (no ring)

@: ice-armoured
A: large, unfitting armour, tough skin 1
a: no special abilities


You were on level 5 of the Dungeon.
You visited 1 branch of the dungeon, and saw 5 of its levels.
You also visited: Sewer.

You collected 204 gold pieces.
You spent 33 gold pieces at shops.

Inventory:

Hand Weapons
 b - a +1 dagger of venom
 k - a +1 whip
 p - a +1 hand axe of venom
 r - a +0 morningstar (weapon)
Armour
 a - a +1 robe (worn)
Jewellery
 i - a ring of poison resistance (left hand)
Scrolls
 d - 3 scrolls of teleportation
 m - a scroll of magic mapping
 o - a scroll of enchant armour
Potions
 c - a potion of flight
 e - a potion of might {unknown}
 f - a potion of curing
 g - 2 potions of haste {unknown}
 h - 2 potions of brilliance
 j - 2 potions of heal wounds {unknown}
 l - a potion of cancellation
 n - 2 potions of degeneration
 q - a potion of attraction


   Skills:
 + Level 3.3 Fighting
 + Level 3.1 Dodging
 + Level 2.7 Stealth
 + Level 3.9 Spellcasting
 + Level 4.4 Ice Magic


You had 5 spell levels left.
You knew the following spells:

 Your Spells              Type           Power      Damage    Failure   Level
a - Freeze                Ice            76%        1d9       2%          1
b - Frozen Ramparts       Ice            38%        1d5       7%          3
c - Ozocubu's Armour      Ice            19%        N/A       7%          3

Your spell library contained the following spells:

 Spells                   Type           Power      Damage    Failure   Level
 Hailstorm                Conj/Ice       11%        3d5       52%         4


Dungeon Overview and Level Annotations

Branches:
Dungeon (5/15)              Sewer (visited)
 Temple: D:4-7

Altars:
Ashenzari
Hepliaklqana

Shops:
D:1 !


Innate Abilities, Weirdness & Mutations

You are too large for most types of armour.
You have tough skin. (AC +1)


Message History

The wyvern zombie barely misses you. The wyvern zombie bites you!
The wyvern zombie barely misses you.
The wyvern zombie completely misses you.
Casting: Frozen Ramparts (dangerous; 7% risk of failure)
Confirm with . or Enter, or press ? or * to list all spells.
A film of ice covers your body! The wyvern zombie bites you!
Your +1 dagger of venom stops dripping with poison.
r - a +0 morningstar (weapon)
The wyvern zombie bites you.
You sock the wyvern zombie!
You punch the wyvern zombie, but do no damage.
The wyvern zombie is moderately damaged.
The wyvern zombie closely misses you. x2
You hit the wyvern zombie.
The wyvern zombie is heavily damaged.
The wyvern zombie bites you but does no damage.
The wyvern zombie closely misses you.
You puncture the wyvern zombie!
The wyvern zombie is heavily damaged.
The wyvern zombie bites you. The wyvern zombie closely misses you.
You barely miss the wyvern zombie.
The wyvern zombie is heavily damaged.
The wyvern zombie bites you but does no damage.
You barely miss the wyvern zombie.
The wyvern zombie is heavily damaged.
The wyvern zombie closely misses you. The wyvern zombie bites you!
You hit the wyvern zombie.
The wyvern zombie is severely damaged.
The wyvern zombie bites you but does no damage. x2
You barely miss the wyvern zombie.
The wyvern zombie is severely damaged.
The wyvern zombie closely misses you. The wyvern zombie bites you!
* * * LOW HITPOINT WARNING * * *
You barely miss the wyvern zombie.
The wyvern zombie is severely damaged.
A hound comes into view.
The wyvern zombie bites you.
* * * LOW HITPOINT WARNING * * *
The wyvern zombie bites you!
You die...

###.##..#. .. .....#..#.
# ... ##....... .. .#.#
..##...†... .. ...
..≈≈.≈≈.... .. #.#
##.≈≈≈≈≈≈≈... #.
#.###≈≈≈≈≈≈≈≈≈≈≈#
#..##[.#≈≈≈≈≈...≈≈≈≈≈
#...@.#.≈≈≈≈w≈).≈#≈≈≈
.......#Z#≈≈≈≈≈≈≈.≈≈##≈≈
.#.#...#.≈≈≈≈≈≈≈≈.≈#≈≈≈≈
.....##†≈≈≈≈≈≈...≈≈≈≈≈
.......#..≈≈≈≈≈≈)<.≈≈≈≈≈
.........≈≈≈#≈≈≈..<≈≈≈≈≈
......h..≈≈≈≈≈≈≈≈.≈≈≈≈≈≈
..........≈#≈≈≈≈..≈≈≈≈#≈
...#....≈≈#≈≈...≈≈≈≈≈


You could see a hound (wandering) and a wyvern zombie.

Vanquished Creatures
  A centaur skeleton (D:4)
  2 hounds (D:5)
  An orc wizard (D:3)
  4 adders
  5 river rats
  An ufetubus (D:4)
  An adder skeleton (D:4)
  2 worms
  13 dart slugs
  10 orcs
  10 ball pythons
  8 endoplasms
  6 giant cockroaches
  6 goblins
  5 hobgoblins
  3 jackals (D:2)
  3 kobolds
  4 quokkas
  4 bats
  5 frilled lizards
  16 rats
110 creatures vanquished.

Notes
Turn   | Place    | Note
-------+----------+-------------------------------------------
     0 | D:1      | Ashen the Ogre Ice Elementalist began the quest for the
                  | Orb.
     0 | D:1      | Reached XP level 1. HP: 16/16 MP: 3/3
   345 | D:1      | Reached XP level 2. HP: 26/26 MP: 3/5
   583 | D:1      | Reached skill level 1 in Fighting
   810 | D:1      | Found Duigh's Distillery.
   911 | D:1      | Bought a potion of curing for 33 gold pieces
   929 | D:1      | Reached XP level 3. HP: 33/33 MP: 7/7
   939 | D:1      | Learned a level 3 spell: Frozen Ramparts
   943 | D:1      | Learned a level 3 spell: Ozocubu's Armour
  1414 | D:2      | Found a broken altar of Ashenzari.
  2012 | D:2      | Reached XP level 4. HP: 39/42 MP: 4/8
  2481 | D:3      | Found a hazy altar of Hepliaklqana.
  2614 | D:3      | Reached skill level 4 in Ice Magic
  2685 | D:3      | Reached XP level 5. HP: 39/49 MP: 5/9
  2687 | D:3      | Found a glowing drain.
  2729 | Sewer    | Entered a sewer
  4224 | D:4      | Reached XP level 6. HP: 38/61 MP: 11/11
  4799 | D:5      | Entered Level 5 of the Dungeon
  5072 | D:5      | Slain by a wyvern zombie

Illustrated notes

Levels and vault maps discovered:
D:1:      eino_arrival_druids_welcome, layout_basic, serial_shops,
          nicolae_shop_advertising_works [nicolae_subvault_shop_adworks],
          minmay_tetromino_t4
D:2:      layout_loops_ring, basic_altar
D:3:      layout_basic, nicolae_hepliaklqana_hippocampus,
          gup_sewer_entry_bubbles
D:4:      layout_cave_pools
D:5:      kennysheep_slugbush, layout_basic, lemuel_mausoleum_altar_yredelemnul,
          serial_glass, glass_columns_b, glass_columns_a, serial_shops,
          nicolae_shop_behind_doors

Skill      XL: |  1  2  3  4  5 |
---------------+----------------+-----
Dodging        | 2 3 |  3.1
Fighting       | 1 2 3 |  3.3
Spellcasting   | 3 |  3.9
Stealth        | 2 |  2.7
Ice Magic      | 4 |  4.4

Action                   |  1- 3 |  4- 6 || total
-------------------------+-------+-------++-------
Melee: Unarmed           |    21 |       ||    21
       Whip              |       |    52 ||    52
       Dagger            |       |    52 ||    52
       Punch             |       |     2 ||     2
       Morningstar       |       |     8 ||     8
 Cast: Freeze            |    68 |    42 ||   110
       Frozen Ramparts   |       |    11 ||    11
       Ozocubu's Armour  |       |     3 ||     3
  Use: Scroll            |       |    10 ||    10
 Stab: Sleeping          |       |     6 ||     6
Armor: Robe              |    17 |    55 ||    72
Dodge: Dodged            |    44 |   112 ||   156
